 Dungeon Crawl Stone Soup version bcrawl-1.13.4 (webtiles) character file.

Game seed: 16714861019944972696

40 Oxidus the Insei (level 3, 0/39 HPs)
             Began as a Demonspawn Transmuter on Aug 13, 2019.
             Killed by divine providence
             ... invoked by an orc priest
              (14 damage)
             ... on level 3 of the Dungeon.
             The game lasted 00:16:18 (1745 turns).

Oxidus the Insei (Demonspawn Transmuter)            Turns: 1745, Time: 00:16:18

Health: 0/39       AC: 21    Str: 10    XL:     3   Next: 30%
Magic:  6/6        EV:  2    Int: 14    God:
Gold:   117        SH:  0    Dex: 14    Spells: 5/6 levels left

rFire    . . .     SeeInvis .   l - +0 spear
rCold    . . .     Gourm    .   (no shield)
rNeg     + + +     Faith    .   (armour currently unavailable)
rPois    +         Spirit   .   (helmet currently unavailable)
rElec    .         Reflect  .   (cloak currently unavailable)
rCorr    .         Harm     .   (gloves currently unavailable)
MR       .....     NoTele   +   (boots currently unavailable)
Stlth    ++........             (no amulet)
HPRegen  0.13/turn              (no ring)
MPRegen  0.10/turn              (no ring)

@: tree-form
A: no striking features
a: no special abilities


You were on level 3 of the Dungeon.
You were hungry.
You were a tree.
You visited 1 branch of the dungeon, and saw 3 of its levels.

You collected 117 gold pieces.

Inventory:

Hand Weapons
 e - a +0 dagger
 l - a +0 spear (weapon)
Missiles
 a - 186 arrows
 i - 258 poisoned needles
Armour
 n - a +0 leather armour (melded)
Scrolls
 k - a scroll of remove curse {unknown}
 p - a scroll of magic mapping {unknown}
Potions
 b - a potion of mutation {unknown}
 d - 2 potions of lignification
 g - a potion of degeneration {unknown}
 m - a potion of cancellation {unknown}
Comestibles
 f - 4 rations {!d}


   Skills:
 + Level 1.0 Fighting
 + Level 0.3 Short Blades
 + Level 0.4 Polearms
 + Level 0.7 Armour
 + Level 1.8 Dodging
 + Level 1.0 Stealth
 + Level 3.1 Unarmed Combat
 + Level 2.2 Spellcasting
 + Level 1.8 Transmutations


You had 5 spell levels left.
You knew the following spells:

 Your Spells              Type           Power        Failure   Level  Hunger
a - Beastly Appendage     Tmut           #.....       11%         1    #......

Your spell library contained the following spells:

 Spells                   Type           Power        Failure   Level  Hunger
 Sticks to Snakes         Tmut           #.......     16%         2    ###....
 Spider Form              Tmut/Pois      #..          43%         3    ###....
 Ice Form                 Ice/Tmut       #.......     85%         4    #####..
 Blade Hands              Tmut           #.........   96%         5    ######.


Dungeon Overview and Level Annotations

Branches:
Dungeon (3/12)

Altars:


Innate Abilities, Weirdness & Mutations

((You have large cloven feet.))
((When seriously injured, your bleeding wounds create armour. (AC +0)))


Message History

You feel better.
The orc priest hits you but does no damage.
All of the chunks of flesh in your inventory have rotted away.
You hit the orc priest.
The orc priest is heavily wounded.
The orc priest hits you but does no damage.
You hit the orc priest but do no damage.
The orc priest is heavily wounded.
The orc priest hits you but does no damage.
You hit the orc priest but do no damage.
The orc priest is heavily wounded.
The orc priest hits you but does no damage.
You hit the orc priest but do no damage.
The orc priest is heavily wounded.
The orc priest hits you but does no damage.
You hit the orc priest but do no damage.
The orc priest is heavily wounded.
The orc priest calls down the wrath of Beogh upon you.
Beogh smites you!
You die...

#..............
#..............
#..............
#..............
#...<........%.
##.............
#......##.....
#o###.## #....
#♣# #.# ....
#.# #.# #. #.#
.# ... ...
..... #####


You could see an orc priest.

Vanquished Creatures
  An adder (D:2)
  2 worms
  2 dart slugs
  A leopard gecko (D:2)
  An orc (D:3)
  A ball python (D:2)
  4 hobgoblins
  2 kobolds
  2 quokkas
  2 bats
  2 rats
20 creatures vanquished.

Notes
Turn   | Place    | Note
-------+----------+-------------------------------------------
     0 | D:1      | Oxidus the Demonspawn Transmuter began the quest for the
                  | Orb.
     0 | D:1      | Reached XP level 1. HP: 15/15 MP: 3/3
   460 | D:1      | Reached skill level 3 in Unarmed Combat
   549 | D:1      | Gained mutation: You have large cloven feet. [demonic
                  | ancestry]
   549 | D:1      | Reached XP level 2. HP: 11/21 MP: 5/5
  1290 | D:2      | Gained mutation: When seriously injured, your bleeding
                  | wounds create armour. (AC +0) [demonic ancestry]
  1290 | D:2      | Reached XP level 3. HP: 13/26 MP: 6/6
  1714 | D:3      | Reached skill level 1 in Stealth
  1736 | D:3      | HP: 1/39 [orc priest/divine providence (14)]
  1745 | D:3      | Killed from afar by an orc priest

Skill      XL: |  1  2  3 |
---------------+----------+-----
Unarmed Combat | 3 |  3.1
Stealth        | 1 |  1.0
Fighting       | |  1.0
Short Blades   | |  0.3
Polearms       | |  0.4
Armour         | |  0.7
Dodging        | |  1.8
Spellcasting   | |  2.2
Transmutations | |  1.8

Action                   || total
-------------------------++-------
Melee: Dagger            ||    24
       Spear             ||    83
       Headbutt          ||     1
       Kick              ||    16
Throw: Throwing net      ||     1
 Cast: Beastly Appendage ||     3
 Abil: End Transformatio ||     1
  Use: Potion            ||     6
       Scroll            ||     2
  Eat: Chunk             ||     2
Armor: Scale mail        ||    19
       Robe              ||     4
       Leather armour    ||    10
       Skin              ||     9
Dodge: Dodged            ||    57
